Map: Frozen Temple

Players

sneakyz

  • Race: Zerg Zerg
  • League: Gold
  • Spawn Location: 5:00

Fropez - Winner!

  • Race: Protoss Protoss
  • League: Gold
  • Spawn Location: 11:00

VOD

Have the link to the VOD?

Description

Time

  • Played on: Nov. 15, 2016, 6:46 p.m.
  • Length: 11:42
Show
View Real Time Build Order
Export as new Build Order

sneakyz Zerg 

Build Orders: Hatch First 

Get SALT Encoding   

  12  0:08  Overlord  
  12  0:13  Drone  
  13  0:18  Drone  
  14  0:27  Drone  
  15  0:31  Drone  
  16  0:41  Drone  
  17  0:57  Hatchery  
  17  0:59  Drone  
  17  1:17  Spawning Pool  
  16  1:18  Extractor  
  16  1:19  Drone  
  16  1:24  Drone  
  17  1:28  Drone  
  18  1:34  Drone  
  19  1:45  Overlord  
  19  2:07  Zergling x4  
  21  2:10  Zergling x2  
  22  2:18  Zergling x2  
  22  2:20  Zergling x2  
  24  2:34  Zergling x4  
  26  2:51  Metabolic Boost  
  26  2:54  Drone x4  
  30  2:59  Queen x2  
  30  3:03  Roach Warren  
  30  3:04  Drone  
  34  3:07  Drone  
  34  3:11  Drone  
  36  3:15  Overlord  
  29  3:47  Roach x2  
  29  3:48  Spine Crawler, Roach x4  
  40  4:08  Roach  
  39  4:16  Roach  
  38  4:23  Queen x2  
  41  4:25  Overlord x2  
  41  4:32  Drone x3  
  44  4:39  Overlord  
  44  4:43  Drone x2  
  46  4:52  Roach  
  48  4:54  Zergling x4  
  50  5:02  Zergling x6  
  53  5:08  Zergling x4  
  53  5:11  Drone  
  56  5:29  Zergling x10  
  56  5:32  Zergling x6  
  56  5:35  Overlord  
  61  5:52  Zergling x6  
  56  5:58  Zergling x4  
  46  6:20  Roach x3  
  46  6:21  Roach  
  52  6:31  Zergling x4  
  52  6:38  Baneling Nest  
  51  6:41  Extractor  
  50  6:49  Lair  
  50  6:50  Drone x4  
  54  6:54  Extractor  
  54  6:59  Drone  
  54  7:09  Zergling x2  
  54  7:11  Overlord x3  
  54  7:12  Zergling x2  
  56  7:17  Zergling x2  
  56  7:18  Zergling x4  
  59  7:22  Baneling  
  59  7:23  Baneling x3  
  59  7:34  Zergling x2  
  59  7:35  Zergling x4  
  62  7:49  Baneling x2  
  62  7:50  Baneling x3  
  62  7:53  Roach  
  62  7:56  Hatchery  
  63  8:10  Extractor, Drone  
  63  8:11  Drone x3  
  67  8:12  Drone  
  67  8:13  Drone x2  
  53  8:56  Roach x3  
  53  8:57  Roach x4  
  60  9:09  Roach  
  58  9:10  Roach x3  
  58  9:16  Infestation Pit  
  61  9:19  Drone  
  61  9:20  Drone x2  
  64  9:30  Roach x2  
  66  9:39  Roach x3  
  72  9:59  Extractor  
  71  10:00  Infestor x3  
  71  10:01  Extractor  
  76  10:07  Drone x4  
  76  10:08  Drone x4  
  76  10:09  Drone  
  85  10:22  Zergling x12  
  85  10:28  Drone x3  
  94  10:34  Drone x2  
  96  10:39  Pathogen Glands  
  61  11:06  Roach x2  
  61  11:07  Roach x2  
  52  11:16  Roach  
Show
View Real Time Build Order
Export as new Build Order

Fropez Protoss - Winner!

Build Orders: Zealot Archon 

Get SALT Encoding   

  12  0:01  Probe (Chrono Boost)  
  13  0:11  Probe (Chrono Boost)  
  14  0:20  Pylon  
  14  0:25  Probe (Chrono Boost)  
  15  0:31  Assimilator  
  15  0:38  Probe (Chrono Boost)  
  16  0:44  Gateway  
  16  0:48  Probe (Chrono Boost)  
  17  0:59  Probe (Chrono Boost)  
  18  1:09  Probe (Chrono Boost), Gateway  
  19  1:19  Assimilator  
  19  1:20  Probe (Chrono Boost)  
  20  1:33  Cybernetics Core  
  20  1:34  Pylon  
  20  1:37  Probe (Chrono Boost)  
  21  1:47  Probe (Chrono Boost)  
  22  1:56  Pylon  
  22  1:58  Probe (Chrono Boost)  
  23  2:04  Pylon  
  23  2:13  Mothership Core (Chrono Boost)  
  27  2:15  Adept  
  27  2:16  Adept  
  29  2:36  Probe (Chrono Boost)  
  30  2:37  Warp Gate (Chrono Boost)  
  30  2:42  Adept  
  30  2:43  Adept  
  34  2:45  Pylon  
  33  3:03  Nexus  
  33  3:13  Pylon  
  33  3:31  Probe  
  34  3:43  Probe  
  34  3:46  Twilight Council  
  35  3:48  Adept x2  
  35  3:49  Pylon  
  39  3:58  Gateway  
  39  4:07  Probe  
  38  4:22  Probe  
  38  4:24  Probe  
  34  4:29  Assimilator  
  34  4:32  Resonating Glaives (Chrono Boost)  
  34  4:48  Stalker x2  
  34  4:50  Probe  
  34  4:51  Probe  
  40  4:55  Stalker  
  40  4:59  Pylon  
  42  5:01  Probe  
  43  5:12  Probe, Templar Archives  
  43  5:13  Probe  
  45  5:15  Pylon  
  45  5:18  Stalker  
  47  5:25  Stalker  
  47  5:27  Pylon  
  47  5:28  Stalker  
  51  5:42  Adept  
  51  5:44  Probe  
  52  5:56  Stalker x2  
  50  6:10  Robotics Facility  
  50  6:11  Forge  
  48  6:12  Adept  
  44  6:21  Probe  
  45  6:34  Adept x2  
  45  6:35  Nexus  
  49  6:44  Photon Cannon  
  49  6:50  Probe, Photon Cannon  
  49  6:51  Probe  
  49  6:52  Pylon  
  51  6:55  High Templar x2  
  51  6:59  Observer  
  56  7:03  Probe  
  56  7:04  Probe  
  56  7:06  Assimilator  
  58  7:09  Protoss Ground Weapons Level 1  
  58  7:10  Archon  
  58  7:14  Probe  
  58  7:21  Probe  
  60  7:31  High Templar  
  60  7:35  Zealot x2  
  66  7:41  Probe  
  66  7:42  Probe, Immortal  
  72  7:54  Probe  
  72  7:55  Probe  
  72  7:56  Probe, Gateway  
  75  7:58  Gateway  
  75  8:02  Pylon, Gateway  
  75  8:04  High Templar  
  77  8:19  Probe  
  77  8:20  Probe  
  77  8:24  Assimilator  
  77  8:26  Assimilator  
  79  8:27  Probe  
  79  8:30  Photon Cannon  
  79  8:33  High Templar x2  
  84  8:38  Adept  
  86  8:41  Archon  
  86  8:42  Archon  
  82  8:52  Protoss Ground Weapons Level 2  
  74  9:01  Stalker  
  65  9:10  Gateway  
  65  9:11  Pylon, Immortal (Chrono Boost)  
  65  9:13  Probe x3  
  65  9:15  Zealot  
  65  9:16  Zealot x4  
  80  9:32  Gateway  
  80  9:33  Pylon  
  80  9:35  Probe  
  80  9:36  Probe x2  
  83  9:40  Photon Cannon  
  83  9:41  High Templar x3  
  83  9:45  Archon  
  89  9:49  High Templar  
  91  9:53  Probe, Archon  
  91  9:54  Probe x2  
  94  10:00  Warp Prism (Chrono Boost)  
  96  10:11  Gateway  
  96  10:14  Photon Cannon  
  96  10:15  Probe x3  
  99  10:23  High Templar  
  99  10:24  High Templar  
  99  10:25  Zealot x4  
  99  10:27  Archon  
  111  10:56  Zealot  
  111  10:57  Zealot x4  
  113  11:11  High Templar x2  
  113  11:15  Archon  
  117  11:28  Zealot x3  
  117  11:29  Zealot x2  
Tags
 
Composition
Zealot Archon
League
GoldGold
Matchup
PvZ
Replay Pack
All Mines
Spawn Locations
Cross Positions
Add a new tag
Caveats
  • Supply blocks, unpowered buildings, or Contaminate may cause inaccurate times.
  • Supply counts are checked every 10 seconds.